 Dungeon Crawl Stone Soup version 0.32-a0-128-g77eb882913 (webtiles) character file.

Game seed: 3604894681400353520

13755 Nattfarinn the Fighter (level 12, -21/117 HPs)
             Began as an Oni Necromancer on Feb 8, 2024.
             Was a Follower of Hepliaklqana.
             Killed from afar by a deep elf pyromancer (26 damage)
             ... with a bolt of fire
             ... on level 11 of the Dungeon.
             The game lasted 00:32:50 (15939 turns).

Nattfarinn the Fighter (Oni Necromancer)           Turns: 15939, Time: 00:32:50

Health: -21/117    AC:  8    Str: 11    XL:     12   Next: 9%
Magic:  20/26      EV:  9    Int: 26    God:    Hepliaklqana [*.....]
Gold:   865        SH:  0    Dex: 15    Spells: 23/31 levels left

rFire   . . .        I - +12 quarterstaff "Cieh" {freeze, Str-4 Int+6}
rCold   . . .        (shield currently unavailable)
rNeg    . . .        O - +0 troll leather armour
rPois   .            (helmet restricted)
rElec   .            (no cloak)
rCorr   .            (gloves unavailable)
SInv    .            (boots unavailable)
Will    +....        e - amulet of regeneration
Stlth   +            g - +6 ring of dexterity
HPRegen 1.99/turn    D - +4 ring of protection
MPRegen 0.20/turn

%: no passive effects
@: on fire, glowing
A: reduced essence, large, unfitting armour, horns 1, tough skin 1, double
potion healing, drunken brawling
a: Renounce Religion, Recall Ancestor, Ancestor Identity


You were on level 11 of the Dungeon.
You worshipped Hepliaklqana.
Hepliaklqana was aware of your devotion.
You visited 2 branches of the dungeon, and saw 12 of its levels.
You also visited: Bailey.

You collected 943 gold pieces.
You spent 78 gold pieces at shops.

Inventory:

Hand Weapons
 y - the +2 long sword of the Dripping Gods {drain, Stlth+}
   (You took it off a kobold in a bailey)

   Stlth+:    It makes you more stealthy.
 G - a +5 short sword
 I - the +12 quarterstaff "Cieh" (weapon) {freeze, Str-4 Int+6}
   (You found it on level 9 of the Dungeon)

   Str-4:     It affects your strength (-4).
   Int+6:     It affects your intelligence (+6).
Missiles
 f - 18 poisoned darts
 h - 2 throwing nets
Armour
 a - a +0 robe
 F - a +1 robe of fire resistance
 O - a +0 troll leather armour (worn)
Magical Staves
 o - a staff of cold
Jewellery
 e - an amulet of regeneration (around neck)
 g - a +6 ring of dexterity (left hand)
 k - a ring of positive energy
 q - a ring of poison resistance
 s - a ring of positive energy
 D - a +4 ring of protection (right hand)
 N - a ring of fire
Talismans
 l - a beast talisman
Wands
 A - a wand of roots (6)
 H - a wand of flame (13)
 J - a wand of charming (8)
 L - a wand of polymorph (5)
Scrolls
 c - 4 scrolls of amnesia
 d - 2 scrolls of blinking
 p - 4 scrolls of noise
 t - a scroll of silence
 u - a scroll of immolation
 v - 4 scrolls of teleportation
 B - 4 scrolls of fear
 C - 3 scrolls of revelation
 E - 2 scrolls of enchant weapon
 K - a scroll of brand weapon {unknown}
 M - a scroll of identify
Potions
 b - a potion of magic
 i - a potion of brilliance
 j - 5 potions of curing {unknown}
 m - a potion of might {unknown}
 n - 5 potions of heal wounds
 r - a potion of ambrosia {unknown}
 w - 5 potions of enlightenment
 x - a potion of mutation {unknown}
 z - 3 potions of lignification


   Skills:
 - Level 11.2 Fighting
 - Level 10.1 Staves
 - Level 1.7 Dodging
 - Level 1.4 Stealth
 - Level 10.1 Spellcasting
 - Level 10.2 Necromancy
 + Level 2.5 Alchemy


You had 23 spell levels left.
You knew the following spells:

 Your Spells              Type           Power      Damage    Failure   Level
a - Necrotise             Necr           100%       1d9       1%          1
b - Vampiric Draining     Necr           60%        2d10      1%          3
c - Olgreb's Toxic Radia  Alch           26%        N/A       21%         4

Your spell library contained the following spells:

 Spells                   Type           Power      Damage    Failure   Level
 Animate Dead             Necr           60%        N/A       1%          4
 Curse of Agony           Necr           60%        N/A       2%          5
 Sting                    Conj/Alch      76%        1d7       3%          1
 Mercury Vapours          Alch/Air       38%        N/A       5%          2
 Anguish                  Hex/Necr       19%        N/A       8%          4
 Ensorcelled Hibernation  Hex/Ice        26%        N/A       9%          2
 Passwall                 Erth           13%        N/A       19%         3
 Swiftness                Air            13%        N/A       19%         3
 Cause Fear               Hex            6%         N/A       52%         4
 Enfeeble                 Hex            6%         N/A       100%        7


Dungeon Overview and Level Annotations

Branches:
Dungeon (11/15)            Temple (1/1) D:7             Orc (0/2) D:9
 Bailey (visited)
   Lair: D:8-11

Altars:
Ashenzari
Cheibriados
Dithmenos
Elyvilon
Fedhas
Gozag
Hepliaklqana
Kikubaaqudgha
Makhleb
Nemelex Xobeh
Okawaru
Qazlal
Ru
Sif Muna
Trog
Uskayaw
Vehumet
Wu Jian
Xom
Yredelemnul
Zin
The Shining One

Shops:
D:2 :   D:5 *


Innate Abilities, Weirdness & Mutations

Your life essence is reduced to manifest your ancestor. (-10% HP)
You are too large for most types of armour.
You have a pair of small horns on your head.
You have tough skin. (AC +1)
You gain doubled healing and magic from potions.
Whenever you drink a healing potion, you attack all around you.


Message History

The manticore barely misses you. The manticore claws you.
The manticore claws you!
You thump the manticore! You freeze the manticore.
The manticore is heavily wounded.
The liquid fire burns you!
You thump the manticore! You freeze the manticore.
Your headbutt misses the manticore.
The manticore is almost dead.
The liquid fire burns you! The manticore bites you!
The manticore closely misses you. The manticore claws you.
Leofdaeg closely misses the manticore.
The deep elf pyromancer gestures at you while chanting.
The bolt of fire misses you.
You draw life force from the manticore.
You feel life coursing into your body. The liquid fire burns you!
The manticore bites you!! The manticore claws you.
* * * LOW HITPOINT WARNING * * *
The manticore claws you!
* * * LOW HITPOINT WARNING * * *
Unknown command.
Casting: Vampiric Draining (safe; 1% risk of failure)
Confirm with . or Enter, or press ? or * to list all spells.
Aiming: Vampiric Draining (safe; 1% risk of failure)
Press: ? - help, Shift-Dir - straight line, f/p - manticore
Aim: a manticore (almost dead, ally target)
You draw life force from the manticore!
You kill the manticore!
The liquid fire burns you!
* * * LOW HITPOINT WARNING * * *
You carefully extract the barbed spikes from your body.
Leofdaeg hits the deep elf pyromancer with a +0 flail!!
The deep elf pyromancer casts a spell.
The deep elf pyromancer blinks!
Your Alchemy skill increases to level 2!
The liquid fire burns you!
* * * LOW HITPOINT WARNING * * *
The deep elf pyromancer points at you and mumbles some strange words.
The bolt of fire hits you!!
You die...
Hepliaklqana delivers you to your ancestors.

######### ##
####.(..§@[# .#
#..[.(...R.# .#
###.##.......#
.#####...##..e....#
.R..R).############
H#..#####
.......)#####
#÷#####.....###
....R.#####...##


You could see the friendly Leofdaeg the knight and a deep elf pyromancer (ally
target).

Vanquished Creatures
  A tengu warrior (D:11)
  2 two-headed ogres
  An orc knight (Bailey)
  An ugly thing (D:11)
  A manticore (D:11)
  A komodo dragon (D:11)
  Psyche (D:8)
  A kobold demonologist (D:11)
  A troll (D:10)
  Grinder (D:6)
  8 yaks
  A vampire (D:9)
  2 wyverns
  2 steam dragons
  Grum (D:8)
  An acid dragon (D:9)
  3 water moccasins
  13 orc warriors
  An ice beast (D:6)
  A sky beast (D:7)
  2 wolves
  2 ogres
  4 centaurs
  A kobold brigand (D:8)
  4 bullfrogs
  A gnoll sergeant (D:9)
  8 wights
  17 killer bees
  2 howler monkeys (D:9)
  3 jellies
  A bombardier beetle (D:4)
  A crimson imp (D:4)
  5 hounds
  5 orc priests
  Ijyb (D:3)
  A gnoll bouda (Temple)
  2 iguanas
  A sleepcap (D:5)
  12 orc wizards
  11 gnolls
  8 adders
  A shadow imp (D:7)
  4 white imps
  2 ufetubi (D:4)
  2 dart slugs
  A ribbon worm (D:3)
  41 orcs
  5 ball pythons
  4 bats
  5 endoplasms
  2 giant cockroaches
  5 hobgoblins
  9 jackals
  3 quokkas
  8 frilled lizards
  12 goblins
  20 kobolds
  7 rats
267 creatures vanquished.

Vanquished Creatures (collateral kills)
  2 ugly things
  2 kobold demonologists (D:11)
  A komodo dragon (D:11)
  A hornet (D:10)
  A vampire (D:10)
  A yak (D:9)
  A kobold brigand (D:11)
  3 killer bees
  2 orc wizards
  A dart slug (D:1)
  5 orcs
  2 bats (D:1)
  A hobgoblin (D:3)
  A jackal (D:1)
  3 kobolds (D:11)
27 creatures vanquished.

Vanquished Creatures (others)
  A yak (D:11)
  4 ancestors
  2 knights (D:11)
7 creatures vanquished.

Grand Total: 301 creatures vanquished

Notes
Turn   | Place    | Note
-------+----------+-------------------------------------------
     0 | D:1      | Nattfarinn the Oni Necromancer began the quest for the Orb.
     0 | D:1      | Reached XP level 1. HP: 16/16 MP: 3/3
   151 | D:1      | Reached XP level 2. HP: 24/24 MP: 2/5
   204 | D:1      | Found a faded altar of an unknown god.
   564 | D:1      | Reached XP level 3. HP: 27/31 MP: 1/8
  1183 | D:2      | Learned a level 3 spell: Vampiric Draining
  1305 | D:2      | Found Kogog's Book Shop.
  1343 | D:2      | Reached XP level 4. HP: 39/39 MP: 2/10
  1558 | D:2      | Found a white marble altar of Elyvilon.
  2640 | D:3      | Noticed Grinder
  2810 | D:3      | Noticed Ijyb
  2818 | D:3      | Killed Ijyb
  2819 | D:3      | Reached skill level 5 in Spellcasting
  2819 | D:3      | Reached XP level 5. HP: 45/45 MP: 1/12
  3497 | D:4      | Reached XP level 6. HP: 53/53 MP: 8/14
  3695 | D:4      | Noticed a +0 falchion
  3703 | D:4      | Noticed a +0 dagger
  3704 | D:4      | Noticed a +0 spear
  3706 | D:4      | Noticed a +0 short sword
  3709 | D:4      | Noticed a +0 short sword
  3732 | D:4      | Noticed a +0 dagger
  3738 | D:4      | Noticed a +0 falchion
  3742 | D:4      | Noticed a +0 spear
  3748 | D:4      | Found a hide-covered altar of Uskayaw.
  3953 | D:4      | Found a radiant altar of Vehumet.
  4161 | D:4      | Reached skill level 5 in Necromancy
  4461 | D:4      | Found a snail-covered altar of Cheibriados.
  4471 | D:4      | Reached XP level 7. HP: 54/59 MP: 10/17
  4547 | D:5      | Entered Level 5 of the Dungeon
  4683 | D:5      | Found Uzeib's General Store.
  4692 | D:5      | Bought 2 potions of lignification for 78 gold pieces
  5626 | D:5      | Reached XP level 8. HP: 64/67 MP: 10/20
  5839 | D:5      | Found a burning altar of Makhleb.
  5855 | D:5      | Found a shimmering blue altar of Sif Muna.
  5970 | D:5      | Found a bloodstained altar of Trog.
  5982 | D:5      | Found a shadowy altar of Dithmenos.
  6162 | D:5      | Found a sparkling altar of Nemelex Xobeh.
  6440 | D:6      | Found an iron altar of Okawaru.
  6599 | D:6      | Found a broken altar of Ashenzari.
  6629 | D:6      | Paralysed by Grinder for 2 turns
  6640 | D:6      | Killed Grinder
  7340 | D:7      | Reached skill level 10 in Spellcasting
  7447 | D:7      | Reached skill level 3 in Fighting
  7447 | D:7      | Reached XP level 9. HP: 72/83 MP: 16/23
  7580 | D:7      | Reached skill level 4 in Fighting
  7825 | D:7      | Reached skill level 5 in Fighting
  7908 | D:7      | Reached skill level 6 in Fighting
  7972 | D:7      | Found a staircase to the Ecumenical Temple.
  8279 | Temple   | Entered the Ecumenical Temple
  8293 | Temple   | Became a worshipper of Hepliaklqana the Forgotten
  8483 | Temple   | Reached skill level 7 in Fighting
  9000 | D:8      | Reached skill level 8 in Fighting
  9004 | D:8      | Reached skill level 9 in Fighting
  9027 | D:8      | Reached skill level 10 in Fighting
  9085 | D:8      | Found a flagged portal.
  9094 | Bailey   | Entered a bailey
  9156 | Bailey   | Identified the +2 long sword of the Dripping Gods {drain,
                  | Stlth+}
  9159 | Bailey   | Noticed an orc knight
  9224 | Bailey   | Reached XP level 10. HP: 79/111 MP: 6/24
  9361 | Bailey   | Reached skill level 11 in Fighting
 10020 | Bailey   | Killed an orc knight
 10740 | D:8      | Noticed Grum
 11091 | D:8      | Killed Grum
 11310 | D:8      | Found an ornate altar of the Wu Jian Council.
 11398 | D:8      | Noticed a two-headed ogre
 11415 | D:8      | Killed a two-headed ogre
 11585 | D:8      | Noticed Psyche
 11592 | D:8      | Killed Psyche
 11593 | D:8      | Reached skill level 10 in Necromancy
 11692 | D:8      | Reached * piety under Hepliaklqana
 12038 | D:8      | Found an opulent altar of Gozag.
 12135 | D:9      | Identified the +12 quarterstaff "Cieh" {freeze, Str-4
                  | Int+6}
 12178 | D:9      | Found a stormy altar of Qazlal.
 12228 | D:9      | Reached skill level 1 in Staves
 12230 | D:9      | Reached XP level 11. HP: 64/108 MP: 18/25
 12926 | D:9      | Reached skill level 5 in Staves
 13132 | D:9      | Found a staircase to the Orcish Mines.
 13538 | D:10     | Entered Level 10 of the Dungeon
 13538 | D:10     | Noticed a white ugly thing
 13553 | D:9      | Killed a white ugly thing
 13916 | D:10     | Noticed a two-headed ogre
 14093 | D:10     | Killed a two-headed ogre
 14209 | D:10     | Paralysed by a hornet for 3 turns
 14329 | D:10     | Reached ** piety under Hepliaklqana
 14330 | D:10     | Remembered your ancestor Leofdaeg as a knight
 14481 | D:11     | Noticed a brown ugly thing
 14493 | D:11     | Killed a brown ugly thing
 14634 | D:11     | Noticed a tengu warrior
 14790 | D:11     | Killed a tengu warrior
 14993 | D:11     | Noticed a cyclops
 14993 | D:11     | Noticed a brown ugly thing
 15372 | D:11     | Noticed a soul eater
 15422 | D:11     | Noticed a sixfirhy
 15733 | D:11     | Killed a brown ugly thing
 15734 | D:11     | Reached skill level 10 in Staves
 15734 | D:11     | Reached XP level 12. HP: 117/117 MP: 13/26
 15739 | D:11     | Learned a level 4 spell: Olgreb's Toxic Radiance
 15849 | D:10     | Reached skill level 1 in Alchemy
 15939 | D:11     | HP: 3/117 [burnt (13)]
 15939 | D:11     | Killed from afar by a deep elf pyromancer

Illustrated notes

Levels and vault maps discovered:
D:1:      lemuel_arrival_muddy, layout_basic,
          chequers_ecumenical_altar_simple_redux
D:2:      layout_loops_ring, serial_shops, shop, basic_altar
D:3:      layout_basic, uniq_grinder, uniq_ijyb
D:4:      layout_loops_ring, mainiacjoe_overflow_surrounded_room,
          nicolae_uskayaw_en_pointe, slow_altar_2, minmay_fire_ice_demons
D:5:      layout_loops_corners, kennysheep_mini,
          nicolae_overflow_quartered_altars, serial_shops, shop
D:6:      layout_loops_ring, okawaru_gym_becter, ashenzari_altar_1
D:7:      layout_basic, minmay_temple_entry_enclosed_plants
D:8:      layout_basic, kennysheep_mini_moat, nzn_wu_jian_council_hall,
          enter_bailey_5, uniq_grum, uniq_psyche
D:9:      layout_cave_pods, nicolae_qazlal_general_emergency, david_orc_4,
          serial_column_ruins, column_ruins_circle_small, column_ruins_grid_1,
          column_ruins_open_tiny, column_ruins_open_tiny,
          column_ruins_columns_corner
D:10:     layout_rooms, minmay_misc_feat_nine_boxes
D:11:     minmay_the_grid_plus_closed [minmay_the_grid_large_cup,
          minmay_the_grid_spikes, minmay_the_grid_slots,
          minmay_the_grid_tiny_cups, minmay_the_grid_prize_shrinking_boxes],
          layout_basic, nicolae_trove_entry_diagonal, serial_corexii_hall,
          chequers_hall_statues_wall_a, corexii_hall_statues_x,
          chequers_hall_statues_corner_a
Temple:   nicolae_temple_bog_church

Skill      XL: |  1  2  3  4  5  6  7  8  9 10 11 12 |
---------------+-------------------------------------+-----
Spellcasting   | 3 4 5 6 8 10 | 10.1
Necromancy     | 4 5 6 10 | 10.2
Fighting       | 3 10 11 | 11.2
Staves         | 2 10 | 10.1
Alchemy        | 2 |  2.5
Dodging        | |  1.7
Stealth        | |  1.4

Action                     |  1- 3 |  4- 6 |  7- 9 | 10-12 || total
---------------------------+-------+-------+-------+-------++-------
  Melee: Unarmed           |     7 |       |       |       ||     7
         Headbutt          |     3 |    13 |    42 |    31 ||    89
         Staff             |       |    67 |   123 |       ||   190
         Punch             |       |     3 |    19 |     3 ||    25
         Short sword       |       |       |    76 |    58 ||   134
         Quarterstaff      |       |       |       |   126 ||   126
   Cast: Necrotise         |    65 |    96 |    69 |    15 ||   245
         Vampiric Draining |       |     6 |   101 |   141 ||   248
 Invoke: Recall Ancestor   |       |       |       |     1 ||     1
         Ancestor Life: Kn |       |       |       |     1 ||     1
  Evoke: Wand              |       |     2 |    14 |    20 ||    36
    Use: Scroll            |       |     5 |     5 |     6 ||    16
         Potion            |       |     1 |       |       ||     1
   Stab: Sleeping          |       |       |     1 |       ||     1
 Armour: Robe              |    21 |   113 |   313 |   476 ||   923
         Troll leather arm |       |       |       |     9 ||     9
  Dodge: Dodged            |    11 |    52 |   207 |   291 ||   561
   Form: Beast             |       |     1 |       |       ||     1
                           |       |       |     1 |       ||     1

Table legend: (Time is in decaauts)
 A = Elapsed time spent in this place.
 B = Non-inter-level travel time spent in this place.
 C = Inter-level travel time spent in this place.
 D = Time resting spent in this place.
 E = Time spent auto-exploring this place.
 F = Levels seen in this place.
 G = Mean time per level.
                   A        B        C        D        E       F      G
               +--------+--------+--------+--------+--------+-----+--------+
         Total |  15976 |  15544 |    432 |   2440 |  10399 |  13 | 1228.9 |
       Dungeon |  14414 |  14005 |    409 |   1451 |  10308 |  11 | 1310.4 |
        Temple |    192 |    169 |     23 |    143 |      0 |   1 |  192.0 |
        Bailey |   1368 |   1368 |      0 |    846 |     91 |   1 | 1368.0 |
               +--------+--------+--------+--------+--------+-----+--------+

Top non-repeatable levels by time:
     D:8: 1709 daAuts
     D:7: 1630 daAuts
     D:9: 1629 daAuts
     D:5: 1609 daAuts
  Bailey: 1368 daAuts
     D:4: 1295 daAuts
    D:11: 1206 daAuts
     D:3: 1154 daAuts
     D:1: 1120 daAuts
     D:2: 1084 daAuts
     D:6: 1035 daAuts
    D:10: 938 daAuts
  Temple: 192 daAuts
